Rimouski Oceanic vs Chicoutimi Sagueneens

Created - 13 mars 2018 at 18:25

Goals
1 2 3 T
Rimouski Oceanic 0 1 1 2
Chicoutimi Sagueneens 1 3 0 4
Shots
1 2 3 T
Rimouski Oceanic 9 17 8 34
Chicoutimi Sagueneens 10 17 5 32

1st period

1. Chicoutimi Sagueneens , Matt White 20 (Stanislav Galiev 26, Laurent Dauphin 52) at 14:21

Penalties :
Jean Dupuy (SAG) for Fighting (Major) at 7:46, Steven Fogarty (OCE) for Fighting (Major) at 7:46, Jordan Nolan (OCE) for Slashing (Minor) at 15:01

2nd period

2. Chicoutimi Sagueneens , Jacob De La Rose 45 (Laurent Dauphin 53, Chris Summers 25) at 4:28
3. Chicoutimi Sagueneens , Rocco Grimaldi 41 (Alex Lintuniemi 19, Maxime Fortunus 13) at 8:04
4. Chicoutimi Sagueneens , Matt White 21 (Jakub Kindl 2, Stanislav Galiev 27) at 10:48
5. Rimouski Oceanic , Jordin Tootoo 4 (Bobby Farnham 29, Patrice Cormier 12) at 16:43

Penalties :
Jean Dupuy (SAG) for Fighting (Major) at 18:00, Scooter Vaughan (OCE) for Fighting (Major) at 18:00

3rd period

6. Rimouski Oceanic , Christoph Bertschy 2 (Shane Harper 9, Ethan Werek 2) at 5:33

Penalties :
Mark Alt (OCE) for High sticking (Minor) at 1:07, Jacob De La Rose (SAG) for Hooking (Minor) at 6:28, Chris Summers (SAG) for Tripping (Minor) at 13:11, Maxime Fortunus (SAG) for Holding (Minor) at 19:42

Goalie Stats

Justin Peters (OCE), 28 saves from 32 shots - (0,875), L, 15-20-2, 60:00 minutes
Ville Husso (SAG), 32 saves from 34 shots - (0,941), W, 32-16-4, 60:00 minutes

Players Stats for Rimouski Oceanic

Player Name              G  A  P  +/- PIM S  H  SB GA TA FO     MP     PP MP  PK MP  
------------------------------------------------------------------------------------
Andreas Englund          0  0  0   1  0   0  1  2  0  2  0/0    13:33   0:00   0:56 
Bobby Farnham            0  1  1  -1  0   2  1  0  3  0  1/1    18:22   1:57   0:00 
Christoph Bertschy       1  0  1   0  0   2  0  3  1  0  6/7    14:23   0:00   1:44 
Cody McLeod              0  0  0  -1  0   2  3  2  1  0  2/3    23:33   2:18   1:49 
Connor Carrick           0  0  0  -1  0   1  3  0  0  3  0/0    27:13   2:28   2:24 
Ethan Werek              0  1  1   0  0   1  0  0  0  0  1/1    10:56   0:00   0:00 
Jordan Nolan             0  0  0  -1  2   2  2  1  0  1  1/1    19:37   2:18   0:47 
Jordin Tootoo            1  0  1  -1  0   7  3  1  1  0  0/2    18:11   1:55   0:00 
Mark Alt                 0  0  0   1  2   1  0  2  0  0  0/0    14:04   0:00   0:00 
Mikkel Aagaard           0  0  0   0  0   0  1  0  1  0  0/0     7:08   0:00   0:00 
Nick Paul                0  0  0  -1  0   3  0  1  1  0  17/27  20:22   2:18   2:05 
Patrice Cormier          0  1  1  -1  0   4  0  0  0  1  8/12   19:37   1:57   1:11 
Ryan MacInnis            0  0  0   0  0   0  0  0  0  1  1/1     5:42   0:02   0:34 
Scooter Vaughan          0  0  0  -2  5   1  0  2  0  0  0/0    18:05   1:47   0:45 
Shane Harper             0  1  1   0  0   1  2  0  2  0  0/0    12:14   0:00   0:00 
Steven Fogarty           0  0  0   0  5   0  0  0  0  0  2/4     5:56   0:00   0:00 
Taylor Fedun             0  0  0  -2  0   1  1  3  0  0  0/0    19:56   1:47   1:20 
Zach Redmond             0  0  0  -1  0   6  0  1  0  3  0/0    27:13   2:28   2:24 

Players Stats for Chicoutimi Sagueneens

Player Name              G  A  P  +/- PIM S  H  SB GA TA FO     MP     PP MP  PK MP  
------------------------------------------------------------------------------------
Alex Lintuniemi          0  1  1   2  0   0  0  1  0  1  0/0    12:17   0:00   0:10 
Chris Summers            0  1  1   2  2   3  1  1  0  0  0/0    19:15   1:41   1:11 
Gabriel Bourque          0  0  0  -1  0   0  1  0  1  0  1/1    16:37   1:50   0:00 
Iiro Pakarinen           0  0  0  -1  0   0  2  0  4  0  0/0    17:33   1:50   0:55 
Jacob De La Rose         1  0  1   2  2   4  3  2  0  1  0/0    21:58   1:55   1:22 
Jakub Kindl              0  1  1   2  0   2  3  0  0  2  0/0    19:41   1:41   1:56 
Jamie Oleksiak           0  0  0  -2  0   2  1  1  0  2  0/0    27:52   2:17   2:19 
Jean Dupuy               0  0  0   0  10  1  0  0  0  0  0/0     6:41   0:00   0:00 
Laurent Dauphin          0  2  2   2  0   4  1  1  1  2  10/29  22:23   1:53   2:05 
Matt White               2  0  2   1  0   4  1  0  0  0  4/7    12:30   0:13   0:49 
Maxime Fortunus          0  1  1   2  2   0  1  1  0  1  0/0    12:47   0:00   0:35 
Miikka Salomaki          0  0  0   1  0   2  2  0  2  0  0/0    10:51   0:00   0:00 
Mike Brown               0  0  0   0  0   0  1  1  0  0  0/1     7:02   0:00   0:00 
Patrik Nemeth            0  0  0  -2  0   2  2  3  1  0  0/0    27:52   2:17   2:19 
Rocco Grimaldi           1  0  1   2  0   3  1  0  0  0  1/1    21:16   2:03   0:30 
Scott Wilson             0  0  0  -1  0   1  0  1  1  0  4/19   16:37   1:50   0:00 
Stanislav Galiev         0  2  2   1  0   4  0  1  0  1  0/0    13:28   0:20   1:11 
Zach Sill                0  0  0   0  0   0  3  0  1  0  0/1     9:00   0:00   1:38 

3 Stars

1 - Matt White (SAG)
2 - Laurent Dauphin (SAG)
3 - Rocco Grimaldi (SAG)

Power Play

Rimouski Oceanic - 0 on 3 Attempt(s) - 0,00%
Chicoutimi Sagueneens - 0 on 2 Attempt(s) - 0,00%

Penalty Kill

Rimouski Oceanic - 2 on 2 Attempt(s) - 100,00% - Score 0 goal in Penalty Kill
Chicoutimi Sagueneens - 3 on 3 Attempt(s) - 100,00% - Score 0 goal in Penalty Kill

Team Stat

Rimouski Oceanic - Hits : 17 - Faceoff Wins : 39 - Blocked Shots : 18 - Penalty Minutes : 14
Chicoutimi Sagueneens - Hits : 23 - Faceoff Wins : 20 - Blocked Shots : 13 - Penalty Minutes : 16

Official

Referees : Ian Walsh and Brad Watson
Linesman : Tim Nowak and Mark Shewchyk

Game Notes

Jean Dupuy and Steven Fogarty fight to a draw at 7:46 of 1st period
Scooter Vaughan beats up Jean Dupuy at 18:00 of 2nd period

Finance

Level 1 -- Attendance: 1491 (74,55%) -- Ticket Income 52 185 $
Level 2 -- Attendance: 731 (73,10%) -- Ticket Income 10 965 $
Total Attendance: 2222 (74,07%)
Total Ticket Income: 63 150 $
Other Income: 30 944 $
Total Income: 94 094 $

Rimouski Oceanic

5 vs 5 Forward 
   Center                   Left Wing                Right Wing               Time % Phy DF OF 
 1 Nick Paul                Cody McLeod              Jordan Nolan             40     1   2  2  
 2 Patrice Cormier          Jordin Tootoo            Bobby Farnham            30     1   2  2  
 3 Christoph Bertschy       Ethan Werek              Shane Harper             20     1   2  2  
 4 Steven Fogarty           Mikkel Aagaard           Cody McLeod              10     1   2  2  

5 vs 5 Defense 
   Defense                  Defense                                           Time % Phy DF OF 
 1 Connor Carrick           Zach Redmond                                      40     1   2  2  
 2 Taylor Fedun             Scooter Vaughan                                   30     1   2  2  
 3 Mark Alt                 Andreas Englund                                   20     1   2  2  
 4 Connor Carrick           Zach Redmond                                      10     1   2  2  

PowerPlay Forward 
   Center                   Left Wing                Right Wing               Time % Phy DF OF 
 1 Nick Paul                Cody McLeod              Jordan Nolan             60     1   2  2  
 2 Patrice Cormier          Jordin Tootoo            Bobby Farnham            40     1   2  2  

PowerPlay Defense
   Defense                  Defense                                           Time % Phy DF OF 
 1 Connor Carrick           Zach Redmond                                      60     1   2  2  
 2 Taylor Fedun             Scooter Vaughan                                   40     1   2  2  

Penalty Kill 4 Players Forward 
   Center                   Wing                     Time % Phy DF OF 
 1 Cody McLeod              Nick Paul                60     1   2  2  
 2 Jordan Nolan             Patrice Cormier          40     1   2  2  

Penalty Kill 4 Players Defense
   Defense                  Defense                  Time % Phy DF OF 
 1 Connor Carrick           Zach Redmond             60     1   2  2  
 2 Taylor Fedun             Scooter Vaughan          40     1   2  2  

Penalty Kill - 3 Players Forward 
   Forward                                           Time % Phy DF OF 
 1 Cody McLeod                                       60     1   2  2  
 2 Nick Paul                                         40     1   2  2  

Penalty Kill - 3 Players Defense
   Defense                  Defense                  Time % Phy DF OF 
 1 Connor Carrick           Zach Redmond             60     1   2  2  
 2 Taylor Fedun             Scooter Vaughan          40     1   2  2  

4 vs 4 Forward 
   Center                   Wing                     Time % Phy DF OF 
 1 Cody McLeod              Nick Paul                60     1   2  2  
 2 Jordan Nolan             Patrice Cormier          40     1   2  2  

4 vs 4 Defense
   Defense                  Defense                  Time % Phy DF OF 
 1 Connor Carrick           Zach Redmond             60     1   2  2  
 2 Taylor Fedun             Scooter Vaughan          40     1   2  2  

Last Minutes Offensive
   Center                   Left Wing                Right Wing               Defense                  Defense                  
   Nick Paul                Cody McLeod              Jordan Nolan             Connor Carrick           Zach Redmond             

Last Minutes Defensive
   Center                   Left Wing                Right Wing               Defense                  Defense                  
   Nick Paul                Cody McLeod              Jordan Nolan             Connor Carrick           Zach Redmond             

Goaltenders
Starting : Justin Peters            
Backup : Jeremy Smith             

Extra Forwards
Normal : Ryan MacInnis, Shane Harper, Christoph Bertschy - PP : Ryan MacInnis, Shane Harper - PK : Christoph Bertschy
Extra Defensemen
Normal : Mark Alt, Andreas Englund, Taylor Fedun - PP : Mark Alt - PK : Andreas Englund, Taylor Fedun
Penalty Shots
Cody McLeod, Nick Paul, Jordan Nolan, Scooter Vaughan, Patrice Cormier

Scratches
Garrett Noonan (Healthy), Dylan Blujus (Fractured Metatarsal (Right Foot) Injury), Mattias Backman (Healthy), Joe Whitney (Healthy), Marco Roy (Healthy)
Riley Barber (Healthy), Kyle Burroughs (Healthy), Loic Leduc (Healthy), Alexandre Ranger (Healthy), Ben Marshall (Healthy)
Parker Milner (Healthy)

Chicoutimi Sagueneens

5 vs 5 Forward 
   Center                   Left Wing                Right Wing               Time % Phy DF OF 
 1 Laurent Dauphin          Jacob De La Rose         Rocco Grimaldi           40     1   2  2  
 2 Scott Wilson             Iiro Pakarinen           Gabriel Bourque          30     1   2  2  
 3 Matt White               Stanislav Galiev         Miikka Salomaki          20     1   2  2  
 4 Zach Sill                Jean Dupuy               Mike Brown               10     1   2  2  

5 vs 5 Defense 
   Defense                  Defense                                           Time % Phy DF OF 
 1 Jamie Oleksiak           Patrik Nemeth                                     40     1   2  2  
 2 Jakub Kindl              Chris Summers                                     30     1   2  2  
 3 Alex Lintuniemi          Maxime Fortunus                                   20     1   2  2  
 4 Jamie Oleksiak           Patrik Nemeth                                     10     1   2  2  

PowerPlay Forward 
   Center                   Left Wing                Right Wing               Time % Phy DF OF 
 1 Laurent Dauphin          Jacob De La Rose         Rocco Grimaldi           60     1   2  2  
 2 Scott Wilson             Iiro Pakarinen           Gabriel Bourque          40     1   2  2  

PowerPlay Defense
   Defense                  Defense                                           Time % Phy DF OF 
 1 Jamie Oleksiak           Patrik Nemeth                                     60     1   2  2  
 2 Jakub Kindl              Chris Summers                                     40     1   2  2  

Penalty Kill 4 Players Forward 
   Center                   Wing                     Time % Phy DF OF 
 1 Laurent Dauphin          Jacob De La Rose         60     1   2  2  
 2 Rocco Grimaldi           Iiro Pakarinen           40     1   2  2  

Penalty Kill 4 Players Defense
   Defense                  Defense                  Time % Phy DF OF 
 1 Jamie Oleksiak           Patrik Nemeth            60     1   2  2  
 2 Jakub Kindl              Chris Summers            40     1   2  2  

Penalty Kill - 3 Players Forward 
   Forward                                           Time % Phy DF OF 
 1 Laurent Dauphin                                   60     1   2  2  
 2 Jacob De La Rose                                  40     1   2  2  

Penalty Kill - 3 Players Defense
   Defense                  Defense                  Time % Phy DF OF 
 1 Jamie Oleksiak           Patrik Nemeth            60     1   2  2  
 2 Jakub Kindl              Chris Summers            40     1   2  2  

4 vs 4 Forward 
   Center                   Wing                     Time % Phy DF OF 
 1 Laurent Dauphin          Jacob De La Rose         60     1   2  2  
 2 Rocco Grimaldi           Iiro Pakarinen           40     1   2  2  

4 vs 4 Defense
   Defense                  Defense                  Time % Phy DF OF 
 1 Jamie Oleksiak           Patrik Nemeth            60     1   2  2  
 2 Jakub Kindl              Chris Summers            40     1   2  2  

Last Minutes Offensive
   Center                   Left Wing                Right Wing               Defense                  Defense                  
   Laurent Dauphin          Jacob De La Rose         Rocco Grimaldi           Jamie Oleksiak           Patrik Nemeth            

Last Minutes Defensive
   Center                   Left Wing                Right Wing               Defense                  Defense                  
   Laurent Dauphin          Jacob De La Rose         Rocco Grimaldi           Jamie Oleksiak           Patrik Nemeth            

Goaltenders
Starting : Ville Husso              
Backup : Anthony Stolarz          

Extra Forwards
Normal : Stanislav Galiev, Matt White, Zach Sill - PP : Stanislav Galiev, Matt White - PK : Zach Sill
Extra Defensemen
Normal : Alex Lintuniemi, Maxime Fortunus, Jakub Kindl - PP : Alex Lintuniemi - PK : Maxime Fortunus, Jakub Kindl
Penalty Shots
Laurent Dauphin, Jacob De La Rose, Rocco Grimaldi, Iiro Pakarinen, Scott Wilson

Scratches
Justin Kea (Healthy), Ludwig Bystrom (Healthy), Clark Bishop (Healthy), Chris McCarthy (Healthy), Braden Christoffer (Healthy)

% Time on Ice - Rimouski Oceanic

Lines # - Real PCT - Wanted PCT - Time Play
Normal Forward
1 - 31% - 40% - 16:15
2 - 36% - 30% - 18:28
3 - 21% - 20% - 10:40
4 - 12% - 10% - 6:24
Normal Defense
1 - 38% - 40% - 19:45
2 - 33% - 30% - 16:53
3 - 24% - 20% - 12:33
4 - 5% - 10% - 2:36
PP Forward
1 - 54% - 60% - 2:18
2 - 46% - 40% - 1:57
PP Defense
1 - 58% - 60% - 2:28
2 - 42% - 40% - 1:47
PK Forward
1 - 89% - 60% - 3:31
2 - 11% - 40% - 0:27
PK Defense
1 - 61% - 60% - 2:24
2 - 39% - 40% - 1:34
PK3 Forward
1 - 0% - 60%
2 - 0% - 40%
PK3 Defense
1 - 0% - 60%
2 - 0% - 40%
44 Forward
1 - 0% - 60%
2 - 0% - 40%
44 Defense
1 - 0% - 60%
2 - 0% - 40%
Last Minute Offensive  - 0:00
Last Minute Defensive  - 0:00
Total
Forward - 60:00
Defense - 60:00

% Time on Ice - Chicoutimi Sagueneens

Lines # - Real PCT - Wanted PCT - Time Play
Normal Forward
1 - 37% - 40% - 19:01
2 - 29% - 30% - 14:53
3 - 21% - 20% - 10:51
4 - 14% - 10% - 7:02
Normal Defense
1 - 39% - 40% - 19:59
2 - 32% - 30% - 16:24
3 - 23% - 20% - 12:07
4 - 6% - 10% - 3:17
PP Forward
1 - 54% - 60% - 2:08
2 - 46% - 40% - 1:50
PP Defense
1 - 58% - 60% - 2:17
2 - 42% - 40% - 1:41
PK Forward
1 - 88% - 60% - 3:45
2 - 12% - 40% - 0:30
PK Defense
1 - 55% - 60% - 2:19
2 - 45% - 40% - 1:56
PK3 Forward
1 - 0% - 60%
2 - 0% - 40%
PK3 Defense
1 - 0% - 60%
2 - 0% - 40%
44 Forward
1 - 0% - 60%
2 - 0% - 40%
44 Defense
1 - 0% - 60%
2 - 0% - 40%
Last Minute Offensive  - 0:00
Last Minute Defensive  - 0:00
Total
Forward - 60:00
Defense - 60:00

Play by Play

1st period


0:01 of 1st period - Nick Paul wins face-off versus Laurent Dauphin in neutral zone.
1:09 of 1st period - Wrist shot by Jacob De La Rose.
1:09 of 1st period - Shot Blocked by Cody McLeod.
1:11 of 1st period - Slapshot by Jacob De La Rose.
1:11 of 1st period - Shot Misses the Net.
1:13 of 1st period - Slapshot by Laurent Dauphin.
1:13 of 1st period - Shot Blocked by Mark Alt.
1:15 of 1st period - Slapshot by Jamie Oleksiak.
1:15 of 1st period - Shot Misses the Net.
1:17 of 1st period - Slapshot by Patrik Nemeth.
1:17 of 1st period - Stopped by Justin Peters with a rebound.
1:19 of 1st period - Slapshot by Patrik Nemeth.
1:19 of 1st period - Stopped by Justin Peters with a rebound.
2:15 of 1st period - Slapshot by Rocco Grimaldi.
2:15 of 1st period - Shot Misses the Net.
2:17 of 1st period - Slapshot by Jacob De La Rose.
2:17 of 1st period - Deflect By Steven Fogarty.
2:17 of 1st period - Shot Blocked by Andreas Englund.
2:17 of 1st period - Puck is out of play.
2:18 of 1st period - Scott Wilson wins face-off versus Patrice Cormier in Rimouski Oceanic zone.
2:25 of 1st period - Slapshot by Jordin Tootoo.
2:25 of 1st period - Stopped by Ville Husso without a rebound.
2:26 of 1st period - Patrice Cormier wins face-off versus Scott Wilson in Chicoutimi Sagueneens zone.
3:33 of 1st period - Zach Sill is hit by Taylor Fedun.
3:46 of 1st period - Slapshot by Zach Sill.
3:46 of 1st period - Shot Misses the Net.
3:50 of 1st period - Wrist shot by Jean Dupuy.
3:50 of 1st period - Shot Misses the Net.
3:52 of 1st period - Snap shot by Mike Brown.
3:52 of 1st period - Shot Blocked by Taylor Fedun.
4:27 of 1st period - Snap shot by Jordin Tootoo.
4:27 of 1st period - Stopped by Ville Husso with a rebound.
4:29 of 1st period - Snap shot by Jordin Tootoo.
4:29 of 1st period - Shot Misses the Net.
4:45 of 1st period - Snap shot by Scott Wilson.
4:45 of 1st period - Shot Hit the Post.
4:47 of 1st period - Slapshot by Alex Lintuniemi.
4:47 of 1st period - Shot Misses the Net.
4:49 of 1st period - Wrist shot by Miikka Salomaki.
4:49 of 1st period - Stopped by Justin Peters with a rebound.
5:03 of 1st period - Mikkel Aagaard is hit by Iiro Pakarinen and loses puck.
5:54 of 1st period - Patrik Nemeth is hit by Connor Carrick and loses puck.
6:33 of 1st period - Iiro Pakarinen is hit by Jordan Nolan and loses puck.
6:56 of 1st period - Wrist shot by Shane Harper.
6:56 of 1st period - Shot Misses the Net.
7:32 of 1st period - Icing by Patrik Nemeth.
7:33 of 1st period - Laurent Dauphin wins face-off versus Steven Fogarty in Chicoutimi Sagueneens zone.
7:41 of 1st period - Icing by Andreas Englund.
7:42 of 1st period - Steven Fogarty wins face-off versus Zach Sill in Rimouski Oceanic zone.
7:46 of 1st period - Jean Dupuy and Steven Fogarty fight to a draw.
7:46 of 1st period - Penalty to Jean Dupuy for Fighting.
7:46 of 1st period - Penalty to Steven Fogarty for Fighting.
7:47 of 1st period - Nick Paul wins face-off versus Laurent Dauphin in Rimouski Oceanic zone.
7:47 of 1st period - Nick Paul is hit by Jacob De La Rose.
7:58 of 1st period - Icing by Laurent Dauphin.
7:59 of 1st period - Rocco Grimaldi wins face-off versus Nick Paul in Chicoutimi Sagueneens zone.
7:59 of 1st period - Rocco Grimaldi is hit by Connor Carrick.
8:28 of 1st period - Slapshot by Laurent Dauphin.
8:28 of 1st period - Stopped by Justin Peters without a rebound.
8:29 of 1st period - Patrice Cormier wins face-off versus Scott Wilson in Rimouski Oceanic zone.
9:03 of 1st period - Snap shot by Ethan Werek.
9:03 of 1st period - Stopped by Ville Husso with a rebound.
9:05 of 1st period - Slapshot by Taylor Fedun.
9:05 of 1st period - Stopped by Ville Husso without a rebound.
9:06 of 1st period - Nick Paul wins face-off versus Scott Wilson in Chicoutimi Sagueneens zone.
9:09 of 1st period - Wrist shot by Jordan Nolan.
9:09 of 1st period - Shot Misses the Net.
9:11 of 1st period - Slapshot by Connor Carrick.
9:11 of 1st period - Deflect By Jordan Nolan.
9:11 of 1st period - Shot Misses the Net.
9:11 of 1st period - Puck is out of play.
9:12 of 1st period - Nick Paul wins face-off versus Scott Wilson in Chicoutimi Sagueneens zone.
9:25 of 1st period - Snap shot by Jordan Nolan.
9:25 of 1st period - Shot Misses the Net.
9:27 of 1st period - Wrist shot by Cody McLeod.
9:27 of 1st period - Shot Misses the Net.
9:37 of 1st period - Snap shot by Patrice Cormier.
9:37 of 1st period - Stopped by Ville Husso without a rebound.
9:38 of 1st period - Patrice Cormier wins face-off versus Laurent Dauphin in Chicoutimi Sagueneens zone.
9:52 of 1st period - Snap shot by Jordin Tootoo.
9:52 of 1st period - Stopped by Ville Husso with a rebound.
10:27 of 1st period - Wrist shot by Stanislav Galiev.
10:27 of 1st period - Deflect By Gabriel Bourque.
10:27 of 1st period - Shot Misses the Net.
10:27 of 1st period - Puck is out of play.
10:28 of 1st period - Scott Wilson wins face-off versus Christoph Bertschy in Rimouski Oceanic zone.
10:31 of 1st period - Wrist shot by Iiro Pakarinen.
10:31 of 1st period - Shot Misses the Net.
10:53 of 1st period - Snap shot by Jordan Nolan.
10:53 of 1st period - Shot Misses the Net.
10:55 of 1st period - Snap shot by Nick Paul.
10:55 of 1st period - Stopped by Ville Husso with a rebound.
10:57 of 1st period - Slapshot by Zach Redmond.
10:57 of 1st period - Shot Misses the Net.
10:59 of 1st period - Backhand shot by Connor Carrick.
10:59 of 1st period - Shot Misses the Net.
11:01 of 1st period - Backhand shot by Nick Paul.
11:01 of 1st period - Stopped by Ville Husso with a rebound.
11:03 of 1st period - Snap shot by Cody McLeod.
11:03 of 1st period - Shot Blocked by Alex Lintuniemi.
11:32 of 1st period - Backhand shot by Cody McLeod.
11:32 of 1st period - Stopped by Ville Husso without a rebound.
11:33 of 1st period - Ryan MacInnis wins face-off versus Scott Wilson in Chicoutimi Sagueneens zone.
11:38 of 1st period - Slapshot by Cody McLeod.
11:38 of 1st period - Shot Misses the Net.
12:04 of 1st period - Snap shot by Rocco Grimaldi.
12:04 of 1st period - Shot Blocked by Mark Alt.
12:27 of 1st period - Wrist shot by Nick Paul.
12:27 of 1st period - Deflect By Cody McLeod.
12:27 of 1st period - Shot Blocked by Chris Summers.
12:27 of 1st period - Puck is out of play.
12:28 of 1st period - Nick Paul wins face-off versus Scott Wilson in Chicoutimi Sagueneens zone.
12:53 of 1st period - Snap shot by Ethan Werek.
12:53 of 1st period - Shot Blocked by Patrik Nemeth.
12:55 of 1st period - Snap shot by Shane Harper.
12:55 of 1st period - Shot Blocked by Jacob De La Rose.
12:57 of 1st period - Wrist shot by Ethan Werek.
12:57 of 1st period - Shot Blocked by Laurent Dauphin.
12:59 of 1st period - Wrist shot by Christoph Bertschy.
12:59 of 1st period - Shot Misses the Net.
13:01 of 1st period - Slapshot by Scooter Vaughan.
13:01 of 1st period - Shot Misses the Net.
14:19 of 1st period - Snap shot by Stanislav Galiev.
14:19 of 1st period - Stopped by Justin Peters with a rebound.
14:21 of 1st period - Wrist shot by Matt White.
14:21 of 1st period - Goal by Matt White - Rimouski Oceanic : 0 - Chicoutimi Sagueneens : 1.
14:22 of 1st period - Nick Paul wins face-off versus Laurent Dauphin in neutral zone.
14:27 of 1st period - Snap shot by Jacob De La Rose.
14:27 of 1st period - Shot Blocked by Cody McLeod.
14:29 of 1st period - Slapshot by Patrik Nemeth.
14:29 of 1st period - Shot Misses the Net.
14:31 of 1st period - Slapshot by Jamie Oleksiak.
14:31 of 1st period - Stopped by Justin Peters without a rebound.
14:32 of 1st period - Nick Paul wins face-off versus Laurent Dauphin in Rimouski Oceanic zone.
14:50 of 1st period - Snap shot by Rocco Grimaldi.
14:50 of 1st period - Shot Misses the Net.
14:52 of 1st period - Snap shot by Jamie Oleksiak.
14:52 of 1st period - Stopped by Justin Peters with a rebound.
14:54 of 1st period - Slapshot by Patrik Nemeth.
14:54 of 1st period - Shot Misses the Net.
15:01 of 1st period - Minor Penalty to Jordan Nolan for Slashing.
15:02 of 1st period - Cody McLeod wins face-off versus Scott Wilson in Rimouski Oceanic zone.
17:01 of 1st period - Penalty to Jordan Nolan is over, Jordan Nolan is back on ice.
17:14 of 1st period - Slapshot by Patrice Cormier.
17:14 of 1st period - Shot Misses the Net.
17:33 of 1st period - Wrist shot by Matt White.
17:33 of 1st period - Shot Blocked by Scooter Vaughan.
17:35 of 1st period - Wrist shot by Stanislav Galiev.
17:35 of 1st period - Shot Misses the Net.
17:37 of 1st period - Slapshot by Miikka Salomaki.
17:37 of 1st period - Shot Blocked by Christoph Bertschy.
17:39 of 1st period - Snap shot by Stanislav Galiev.
17:39 of 1st period - Stopped by Justin Peters with a rebound.
18:23 of 1st period - Bobby Farnham is hit by Iiro Pakarinen and loses puck.
18:47 of 1st period - Icing by Cody McLeod.
18:48 of 1st period - Nick Paul wins face-off versus Laurent Dauphin in Rimouski Oceanic zone.
19:31 of 1st period - Zach Redmond is hit by Miikka Salomaki and loses puck.
19:36 of 1st period - Snap shot by Matt White.
19:36 of 1st period - Stopped by Justin Peters without a rebound.
19:37 of 1st period - Jordan Nolan wins face-off versus Laurent Dauphin in Rimouski Oceanic zone.
Goals for this period are 0 for Rimouski Oceanic vs 1 for Chicoutimi Sagueneens.
Shots for this period are 9 for Rimouski Oceanic vs 10 for Chicoutimi Sagueneens.

2nd period


0:01 of 2nd period - Laurent Dauphin wins face-off versus Cody McLeod in neutral zone.
0:45 of 2nd period - Snap shot by Shane Harper.
0:45 of 2nd period - Deflect By Ethan Werek.
0:45 of 2nd period - Shot Misses the Net.
0:45 of 2nd period - Puck is out of play.
0:46 of 2nd period - Christoph Bertschy wins face-off versus Matt White in Chicoutimi Sagueneens zone.
0:51 of 2nd period - Snap shot by Shane Harper.
0:51 of 2nd period - Shot Blocked by Patrik Nemeth.
1:15 of 2nd period - Snap shot by Jacob De La Rose.
1:15 of 2nd period - Shot Misses the Net.
1:17 of 2nd period - Backhand shot by Chris Summers.
1:17 of 2nd period - Stopped by Justin Peters with a rebound.
1:19 of 2nd period - Snap shot by Jacob De La Rose.
1:19 of 2nd period - Shot Misses the Net.
1:21 of 2nd period - Slapshot by Rocco Grimaldi.
1:21 of 2nd period - Stopped by Justin Peters without a rebound.
1:22 of 2nd period - Gabriel Bourque wins face-off versus Jordin Tootoo in Rimouski Oceanic zone.
1:41 of 2nd period - Patrik Nemeth is hit by Jordin Tootoo.
1:50 of 2nd period - Off-side.
1:51 of 2nd period - Ethan Werek wins face-off versus Laurent Dauphin in neutral zone.
1:56 of 2nd period - Snap shot by Christoph Bertschy.
1:56 of 2nd period - Stopped by Ville Husso without a rebound.
1:57 of 2nd period - Christoph Bertschy wins face-off versus Laurent Dauphin in Chicoutimi Sagueneens zone.
2:08 of 2nd period - Snap shot by Laurent Dauphin.
2:08 of 2nd period - Stopped by Justin Peters with a rebound.
2:10 of 2nd period - Slapshot by Chris Summers.
2:10 of 2nd period - Shot Blocked by Scooter Vaughan.
2:12 of 2nd period - Snap shot by Jakub Kindl.
2:12 of 2nd period - Shot Misses the Net.
2:24 of 2nd period - Snap shot by Stanislav Galiev.
2:24 of 2nd period - Deflect By Christoph Bertschy.
2:24 of 2nd period - Shot Misses the Net.
2:24 of 2nd period - Puck is out of play.
2:25 of 2nd period - Matt White wins face-off versus Nick Paul in Rimouski Oceanic zone.
2:34 of 2nd period - Snap shot by Miikka Salomaki.
2:34 of 2nd period - Stopped by Justin Peters with a rebound.
2:36 of 2nd period - Wrist shot by Stanislav Galiev.
2:36 of 2nd period - Shot Misses the Net.
2:38 of 2nd period - Slapshot by Jamie Oleksiak.
2:38 of 2nd period - Shot Blocked by Zach Redmond.
3:19 of 2nd period - Ethan Werek is hit by Gabriel Bourque and loses puck.
3:30 of 2nd period - Slapshot by Zach Redmond.
3:30 of 2nd period - Shot Blocked by Mike Brown.
3:50 of 2nd period - Wrist shot by Patrice Cormier.
3:50 of 2nd period - Stopped by Ville Husso without a rebound.
3:51 of 2nd period - Laurent Dauphin wins face-off versus Nick Paul in Chicoutimi Sagueneens zone.
4:18 of 2nd period - Slapshot by Jacob De La Rose.
4:18 of 2nd period - Shot Misses the Net.
4:20 of 2nd period - Wrist shot by Laurent Dauphin.
4:20 of 2nd period - Shot Misses the Net.
4:22 of 2nd period - Slapshot by Jakub Kindl.
4:22 of 2nd period - Stopped by Justin Peters with a rebound.
4:24 of 2nd period - Wrist shot by Chris Summers.
4:24 of 2nd period - Deflect By Bobby Farnham.
4:24 of 2nd period - Stopped by Justin Peters with a rebound.
4:26 of 2nd period - Slapshot by Laurent Dauphin.
4:26 of 2nd period - Shot Blocked by Taylor Fedun.
4:28 of 2nd period - Snap shot by Jacob De La Rose.
4:28 of 2nd period - Goal by Jacob De La Rose - Rimouski Oceanic : 0 - Chicoutimi Sagueneens : 2.
4:29 of 2nd period - Nick Paul wins face-off versus Scott Wilson in neutral zone.
5:01 of 2nd period - Wrist shot by Jacob De La Rose.
5:01 of 2nd period - Shot Misses the Net.
5:03 of 2nd period - Snap shot by Rocco Grimaldi.
5:03 of 2nd period - Stopped by Justin Peters with a rebound.
5:17 of 2nd period - Shane Harper is hit by Jakub Kindl and loses puck.
5:24 of 2nd period - Miikka Salomaki is hit by Shane Harper and loses puck.
5:44 of 2nd period - Slapshot by Zach Sill.
5:44 of 2nd period - Deflect By Mike Brown.
5:44 of 2nd period - Shot Misses the Net.
5:44 of 2nd period - Puck is out of play.
5:45 of 2nd period - Patrice Cormier wins face-off versus Scott Wilson in Rimouski Oceanic zone.
5:52 of 2nd period - Backhand shot by Bobby Farnham.
5:52 of 2nd period - Shot Misses the Net.
6:28 of 2nd period - Snap shot by Iiro Pakarinen.
6:28 of 2nd period - Shot Misses the Net.
6:50 of 2nd period - Slapshot by Jordan Nolan.
6:50 of 2nd period - Shot Blocked by Jamie Oleksiak.
7:00 of 2nd period - Andreas Englund is hit by Laurent Dauphin and loses puck.
7:25 of 2nd period - Slapshot by Miikka Salomaki.
7:25 of 2nd period - Shot Blocked by Christoph Bertschy.
7:27 of 2nd period - Snap shot by Chris Summers.
7:27 of 2nd period - Stopped by Justin Peters without a rebound.
7:28 of 2nd period - Matt White wins face-off versus Patrice Cormier in Rimouski Oceanic zone.
7:29 of 2nd period - Snap shot by Stanislav Galiev.
7:29 of 2nd period - Shot Misses the Net.
7:37 of 2nd period - Wrist shot by Jordin Tootoo.
7:37 of 2nd period - Stopped by Ville Husso with a rebound.
7:39 of 2nd period - Wrist shot by Patrice Cormier.
7:39 of 2nd period - Stopped by Ville Husso with a rebound.
7:41 of 2nd period - Wrist shot by Jordin Tootoo.
7:41 of 2nd period - Stopped by Ville Husso with a rebound.
7:55 of 2nd period - Jordan Nolan is hit by Jakub Kindl and loses puck.
8:00 of 2nd period - Wrist shot by Jacob De La Rose.
8:00 of 2nd period - Stopped by Justin Peters with a rebound.
8:02 of 2nd period - Snap shot by Maxime Fortunus.
8:02 of 2nd period - Shot Blocked by Nick Paul.
8:04 of 2nd period - Slapshot by Alex Lintuniemi.
8:04 of 2nd period - Deflect By Rocco Grimaldi.
8:04 of 2nd period - Goal by Rocco Grimaldi - Rimouski Oceanic : 0 - Chicoutimi Sagueneens : 3.
8:05 of 2nd period - Nick Paul wins face-off versus Laurent Dauphin in neutral zone.
8:16 of 2nd period - Slapshot by Zach Redmond.
8:16 of 2nd period - Stopped by Ville Husso with a rebound.
8:20 of 2nd period - Slapshot by Zach Redmond.
8:20 of 2nd period - Stopped by Ville Husso with a rebound.
8:34 of 2nd period - Snap shot by Jordin Tootoo.
8:34 of 2nd period - Deflect By Bobby Farnham.
8:34 of 2nd period - Shot Blocked by Maxime Fortunus.
8:34 of 2nd period - Puck is out of play.
8:35 of 2nd period - Scott Wilson wins face-off versus Patrice Cormier in Chicoutimi Sagueneens zone.
9:51 of 2nd period - Snap shot by Jean Dupuy.
9:51 of 2nd period - Stopped by Justin Peters without a rebound.
9:52 of 2nd period - Nick Paul wins face-off versus Laurent Dauphin in Rimouski Oceanic zone.
10:42 of 2nd period - Slapshot by Stanislav Galiev.
10:42 of 2nd period - Shot Blocked by Andreas Englund.
10:44 of 2nd period - Snap shot by Stanislav Galiev.
10:44 of 2nd period - Shot Misses the Net.
10:46 of 2nd period - Slapshot by Jakub Kindl.
10:46 of 2nd period - Stopped by Justin Peters with a rebound.
10:48 of 2nd period - Snap shot by Matt White.
10:48 of 2nd period - Goal by Matt White - Rimouski Oceanic : 0 - Chicoutimi Sagueneens : 4.
10:49 of 2nd period - Laurent Dauphin wins face-off versus Nick Paul in neutral zone.
11:56 of 2nd period - Scott Wilson is hit by Cody McLeod and loses puck.
12:17 of 2nd period - Gabriel Bourque is hit by Cody McLeod and loses puck.
13:02 of 2nd period - Jordan Nolan is hit by Jacob De La Rose and loses puck.
13:23 of 2nd period - Maxime Fortunus is hit by Jordin Tootoo and loses puck.
13:58 of 2nd period - Chris Summers is hit by Shane Harper and loses puck.
14:37 of 2nd period - Chris Summers is hit by Jordan Nolan.
14:49 of 2nd period - Ethan Werek is hit by Zach Sill.
14:53 of 2nd period - Ethan Werek is hit by Zach Sill and loses puck.
15:04 of 2nd period - Patrik Nemeth is hit by Mikkel Aagaard and loses puck.
15:29 of 2nd period - Snap shot by Nick Paul.
15:29 of 2nd period - Stopped by Ville Husso with a rebound.
15:31 of 2nd period - Slapshot by Zach Redmond.
15:31 of 2nd period - Deflect By Jacob De La Rose.
15:31 of 2nd period - Stopped by Ville Husso without a rebound.
15:32 of 2nd period - Bobby Farnham wins face-off versus Laurent Dauphin in Chicoutimi Sagueneens zone.
15:47 of 2nd period - Slapshot by Laurent Dauphin.
15:47 of 2nd period - Stopped by Justin Peters without a rebound.
15:48 of 2nd period - Christoph Bertschy wins face-off versus Scott Wilson in Rimouski Oceanic zone.
16:02 of 2nd period - Snap shot by Scott Wilson.
16:02 of 2nd period - Shot Misses the Net.
16:37 of 2nd period - Patrice Cormier is hit by Miikka Salomaki.
16:43 of 2nd period - Slapshot by Jordin Tootoo.
16:43 of 2nd period - Goal by Jordin Tootoo - Rimouski Oceanic : 1 - Chicoutimi Sagueneens : 4.
16:44 of 2nd period - Laurent Dauphin wins face-off versus Nick Paul in neutral zone.
16:49 of 2nd period - Wrist shot by Jacob De La Rose.
16:49 of 2nd period - Stopped by Justin Peters with a rebound.
17:58 of 2nd period - Shane Harper is hit by Chris Summers and loses puck.
18:00 of 2nd period - Scooter Vaughan beats up Jean Dupuy.
18:00 of 2nd period - Penalty to Jean Dupuy for Fighting.
18:00 of 2nd period - Penalty to Scooter Vaughan for Fighting.
18:01 of 2nd period - Nick Paul wins face-off versus Laurent Dauphin in Rimouski Oceanic zone.
18:06 of 2nd period - Wrist shot by Connor Carrick.
18:06 of 2nd period - Shot Blocked by Jacob De La Rose.
18:08 of 2nd period - Snap shot by Jordan Nolan.
18:08 of 2nd period - Stopped by Ville Husso without a rebound.
18:09 of 2nd period - Laurent Dauphin wins face-off versus Nick Paul in Chicoutimi Sagueneens zone.
18:34 of 2nd period - Wrist shot by Zach Redmond.
18:34 of 2nd period - Deflect By Patrik Nemeth.
18:34 of 2nd period - Stopped by Ville Husso with a rebound.
18:36 of 2nd period - Slapshot by Zach Redmond.
18:36 of 2nd period - Stopped by Ville Husso with a rebound.
18:38 of 2nd period - Slapshot by Connor Carrick.
18:38 of 2nd period - Stopped by Ville Husso without a rebound.
18:39 of 2nd period - Scott Wilson wins face-off versus Jordin Tootoo in Chicoutimi Sagueneens zone.
18:48 of 2nd period - Snap shot by Bobby Farnham.
18:48 of 2nd period - Stopped by Ville Husso with a rebound.
18:52 of 2nd period - Wrist shot by Patrice Cormier.
18:52 of 2nd period - Stopped by Ville Husso with a rebound.
18:54 of 2nd period - Slapshot by Mark Alt.
18:54 of 2nd period - Shot Misses the Net.
18:56 of 2nd period - Wrist shot by Patrice Cormier.
18:56 of 2nd period - Shot Misses the Net.
18:58 of 2nd period - Snap shot by Mark Alt.
18:58 of 2nd period - Stopped by Ville Husso without a rebound.
18:59 of 2nd period - Laurent Dauphin wins face-off versus Nick Paul in Chicoutimi Sagueneens zone.
19:24 of 2nd period - Jordan Nolan is hit by Matt White and loses puck.
19:29 of 2nd period - Snap shot by Stanislav Galiev.
19:29 of 2nd period - Stopped by Justin Peters without a rebound.
19:30 of 2nd period - Matt White wins face-off versus Patrice Cormier in Rimouski Oceanic zone.
19:31 of 2nd period - Slapshot by Stanislav Galiev.
19:31 of 2nd period - Shot Blocked by Jordin Tootoo.
Goals for this period are 1 for Rimouski Oceanic vs 3 for Chicoutimi Sagueneens.
Shots for this period are 17 for Rimouski Oceanic vs 17 for Chicoutimi Sagueneens.

3rd period


0:01 of 3rd period - Laurent Dauphin wins face-off versus Nick Paul in neutral zone.
0:31 of 3rd period - Slapshot by Iiro Pakarinen.
0:31 of 3rd period - Shot Blocked by Taylor Fedun.
1:07 of 3rd period - Minor Penalty to Mark Alt for High sticking.
1:08 of 3rd period - Cody McLeod wins face-off versus Laurent Dauphin in Rimouski Oceanic zone.
3:00 of 3rd period - Penalty to Scooter Vaughan is over, Scooter Vaughan is back on ice.
3:40 of 3rd period - Wrist shot by Miikka Salomaki.
3:40 of 3rd period - Deflect By Matt White.
3:40 of 3rd period - Stopped by Justin Peters without a rebound.
3:41 of 3rd period - Matt White wins face-off versus Steven Fogarty in Rimouski Oceanic zone.
3:52 of 3rd period - Wrist shot by Stanislav Galiev.
3:52 of 3rd period - Stopped by Justin Peters without a rebound.
3:53 of 3rd period - Patrice Cormier wins face-off versus Laurent Dauphin in Rimouski Oceanic zone.
3:53 of 3rd period - Patrice Cormier is hit by Rocco Grimaldi.
4:28 of 3rd period - Icing by Zach Redmond.
4:29 of 3rd period - Nick Paul wins face-off versus Matt White in Rimouski Oceanic zone.
5:02 of 3rd period - Chris Summers is hit by Jordin Tootoo.
5:19 of 3rd period - Slapshot by Scott Wilson.
5:19 of 3rd period - Deflect By Zach Redmond.
5:19 of 3rd period - Shot Blocked by Christoph Bertschy.
5:19 of 3rd period - Puck is out of play.
5:20 of 3rd period - Christoph Bertschy wins face-off versus Scott Wilson in Rimouski Oceanic zone.
5:33 of 3rd period - Wrist shot by Christoph Bertschy.
5:33 of 3rd period - Goal by Christoph Bertschy - Rimouski Oceanic : 2 - Chicoutimi Sagueneens : 4.
5:34 of 3rd period - Nick Paul wins face-off versus Laurent Dauphin in neutral zone.
5:47 of 3rd period - Wrist shot by Jordan Nolan.
5:47 of 3rd period - Stopped by Ville Husso with a rebound.
5:49 of 3rd period - Slapshot by Cody McLeod.
5:49 of 3rd period - Stopped by Ville Husso without a rebound.
5:50 of 3rd period - Patrice Cormier wins face-off versus Scott Wilson in Chicoutimi Sagueneens zone.
5:51 of 3rd period - Snap shot by Bobby Farnham.
5:51 of 3rd period - Stopped by Ville Husso with a rebound.
5:53 of 3rd period - Slapshot by Connor Carrick.
5:53 of 3rd period - Shot Blocked by Scott Wilson.
5:55 of 3rd period - Slapshot by Zach Redmond.
5:55 of 3rd period - Stopped by Ville Husso without a rebound.
5:56 of 3rd period - Patrice Cormier wins face-off versus Scott Wilson in Chicoutimi Sagueneens zone.
6:07 of 3rd period - Snap shot by Jordin Tootoo.
6:07 of 3rd period - Stopped by Ville Husso with a rebound.
6:09 of 3rd period - Slapshot by Connor Carrick.
6:09 of 3rd period - Shot Misses the Net.
6:28 of 3rd period - Minor Penalty to Jacob De La Rose for Hooking.
6:29 of 3rd period - Nick Paul wins face-off versus Laurent Dauphin in Chicoutimi Sagueneens zone.
7:31 of 3rd period - Taylor Fedun is hit by Zach Sill and loses puck.
7:56 of 3rd period - Nick Paul is hit by Patrik Nemeth and loses puck.
8:28 of 3rd period - Penalty to Jacob De La Rose is over, Jacob De La Rose is back on ice.
8:54 of 3rd period - Snap shot by Jacob De La Rose.
8:54 of 3rd period - Stopped by Justin Peters without a rebound.
8:55 of 3rd period - Steven Fogarty wins face-off versus Scott Wilson in Rimouski Oceanic zone.
8:55 of 3rd period - Steven Fogarty is hit by Maxime Fortunus.
9:39 of 3rd period - Off-side.
9:40 of 3rd period - Laurent Dauphin wins face-off versus Nick Paul in neutral zone.
9:48 of 3rd period - Nick Paul is hit by Jacob De La Rose.
10:06 of 3rd period - Zach Sill is hit by Bobby Farnham and loses puck.
10:25 of 3rd period - Snap shot by Taylor Fedun.
10:25 of 3rd period - Shot Blocked by Stanislav Galiev.
10:27 of 3rd period - Snap shot by Scooter Vaughan.
10:27 of 3rd period - Stopped by Ville Husso with a rebound.
10:33 of 3rd period - Slapshot by Shane Harper.
10:33 of 3rd period - Stopped by Ville Husso with a rebound.
10:49 of 3rd period - Slapshot by Laurent Dauphin.
10:49 of 3rd period - Stopped by Justin Peters with a rebound.
11:15 of 3rd period - Gabriel Bourque is hit by Connor Carrick.
11:19 of 3rd period - Snap shot by Scott Wilson.
11:19 of 3rd period - Stopped by Justin Peters without a rebound.
11:20 of 3rd period - Christoph Bertschy wins face-off versus Mike Brown in Rimouski Oceanic zone.
11:45 of 3rd period - Jacob De La Rose is hit by Andreas Englund and loses puck.
12:07 of 3rd period - Off-side.
12:08 of 3rd period - Patrice Cormier wins face-off versus Scott Wilson in neutral zone.
12:17 of 3rd period - Wrist shot by Bobby Farnham.
12:17 of 3rd period - Deflect By Patrice Cormier.
12:17 of 3rd period - Shot Misses the Net.
12:17 of 3rd period - Puck is out of play.
12:18 of 3rd period - Nick Paul wins face-off versus Laurent Dauphin in Chicoutimi Sagueneens zone.
12:19 of 3rd period - Slapshot by Jordan Nolan.
12:19 of 3rd period - Shot Misses the Net.
12:33 of 3rd period - Slapshot by Jacob De La Rose.
12:33 of 3rd period - Shot Blocked by Jordan Nolan.
13:06 of 3rd period - Off-side.
13:07 of 3rd period - Christoph Bertschy wins face-off versus Matt White in neutral zone.
13:11 of 3rd period - Minor Penalty to Chris Summers for Tripping.
13:12 of 3rd period - Nick Paul wins face-off versus Laurent Dauphin in Chicoutimi Sagueneens zone.
13:12 of 3rd period - Snap shot by Jordan Nolan.
13:12 of 3rd period - Shot Misses the Net.
13:24 of 3rd period - Snap shot by Zach Redmond.
13:24 of 3rd period - Shot Misses the Net.
13:26 of 3rd period - Snap shot by Zach Redmond.
13:26 of 3rd period - Shot Blocked by Patrik Nemeth.
13:28 of 3rd period - Snap shot by Cody McLeod.
13:28 of 3rd period - Shot Misses the Net.
14:46 of 3rd period - Nick Paul is hit by Patrik Nemeth and loses puck.
15:11 of 3rd period - Penalty to Chris Summers is over, Chris Summers is back on ice.
16:28 of 3rd period - Iiro Pakarinen is hit by Cody McLeod and loses puck.
17:07 of 3rd period - Wrist shot by Laurent Dauphin.
17:07 of 3rd period - Shot Misses the Net.
17:30 of 3rd period - Ryan MacInnis is hit by Mike Brown and loses puck.
17:55 of 3rd period - Mark Alt is hit by Jakub Kindl and loses puck.
18:42 of 3rd period - Taylor Fedun is hit by Jamie Oleksiak and loses puck.
19:42 of 3rd period - Minor Penalty to Maxime Fortunus for Holding.
19:43 of 3rd period - Laurent Dauphin wins face-off versus Nick Paul in Chicoutimi Sagueneens zone.
Goals for this period are 1 for Rimouski Oceanic vs 0 for Chicoutimi Sagueneens.
Shots for this period are 8 for Rimouski Oceanic vs 5 for Chicoutimi Sagueneens.